Description

4:20 dt warpin

VOD

https://youtu.be/Y2UmRtPmNjo?t=603

Build Order

Get SALT Encoding   

  14  0:17  Pylon  Send Probe out to hatchblock after
  15  0:32  Assimilator  
  16  0:45  Gateway  
  20  1:24  Nexus  
  20  1:32  Cybernetics Core  Probescout after if you didnt go for hatchblock, cut probe for core then resume probing
  21  1:40  Assimilator  
  22  1:50  Pylon  
  24  2:08  Adept (Chrono Boost)  
  26  2:09  Warp Gate  
  26  2:18  Twilight Council  
  29  2:37  Robotics Facility  
  32  2:48  Stalker  
  32  2:59  Dark Shrine  
  34  3:08  Gateway  wall complete
  34  3:14  Gateway  
  38  3:28  Warp Prism  Slight cut to probe production for prism asap
  40  3:37  Pylon  
  43  3:54  Assimilator x2  
  44  3:59  Pylon  
  47  4:17  Pylon  probbly early to give more room to micro
  48  4:20  Dark Templar x3  In theory you could do as early as 4:11 but you want the prism close to their base
  55  4:25  Pylon  you probbly want nexus before this pylon if possible at 3rd
  55  4:26  Observer  
  57  4:45  Nexus  slight probecut to make it
  59  4:56  Dark Templar  at home to defend 3rd
  61  4:57  Shield Battery  at 3rd
  61  4:59  Sentry x2  
  65  5:04  Immortal  slight probe cut
  71  5:11  Pylon  
  73  5:19  Blink  
  73  5:23  Pylon  
  77  5:40  Dark Templar  Make 2 archons at his side of the map
  79  5:42  Sentry  
  81  5:43  Zealot  
  83  5:45  Immortal  
  89  6:00  Gateway x2  
  89  6:08  Gateway x2  
  92  6:18  Immortal  
  96  6:26  Pylon x2  
  96  6:28  Forge  
  96  6:32  Stalker, Sentry  
  103  6:37  Dark Templar  archon from the 2 dts at homme
  105  6:48  Pylon x2  
  105  6:50  Assimilator x2  slightly late?
  105  7:03  Stalker x7  moveout cancel 4th if opponent weak, get 6 more stalkers before you arrive(Trap had to make cannons this game so he skipped them)
  117  7:10  Pylon, Protoss Ground Weapons Level 1  
Spawning Tool Build Advisor. Get it on Overwolf

Analysis

When you start buidling immo allways build immo

The moveout is not super strong so better be careful and scout ahead with halluc. If you cancel their 4th with moveout then bunker up cuz your even in eco and zerg doesn't like that.

Can go 2xrobo&bay transition

Go to:

Details

  • Created by: Hindrance
  • Published on: Feb 29, 2020
  • Modified on: Jun 22, 2021
  • Patch: 4.11.0
  • Difficulty: Hard
Show
View Real Time Build Order
Export as new Build Order

Comments (1)

On March 1, 2020, 5:46 p.m., Hindrance  said:

I updated it to be Salt friendly, I got the vod so could also make some few new notes

Create an account to comment!